 Dungeon Crawl Stone Soup version 0.29-a0-1016-g236c7fd91e (webtiles) character file.

Game seed: 4601179866483046071

167 siradein the Trooper (level 5, -2/46 HPs)
             Began as a Draconian Fighter on Aug 9, 2022.
             Slain by a goblin
             ... wielding a +0 club
             ... led by Robin
              (6 damage)
             ... on level 3 of the Dungeon.
             The game lasted 00:04:34 (3489 turns).

siradein the Trooper (Draconian Fighter)            Turns: 3489, Time: 00:04:35

Health: -2/46      AC:  5    Str: 18    XL:     5   Next: 23%
Magic:  5/5        EV: 12    Int:  8    God:
Gold:   185        SH:  5    Dex: 13    Spells: 4/4 levels left

rFire   . . .      SeeInvis .   a - +0 long sword
rCold   . . .      Faith    .   b - +0 buckler
rNeg    . . .      Spirit   .   (body armour unavailable)
rPois   .          Reflect  .   (helmet restricted)
rElec   .          Harm     .   (no cloak)
rCorr   .          Rampage  .   (no gloves)
Will    .....                   (no boots)
Stlth   +.........              g - amulet of the acrobat
HPRegen 0.15/turn               (no ring)
MPRegen 0.09/turn               (no ring)

@: no status effects
A: AC +5, unfitting armour, cold-blooded
a: no special abilities


You were on level 3 of the Dungeon.
You visited 1 branch of the dungeon, and saw 3 of its levels.

You collected 213 gold pieces.
You spent 28 gold pieces at shops.

Inventory:

Hand Weapons
 a - a +0 long sword (weapon)
Missiles
 i - 13 stones (quivered)
 j - a throwing net
 k - 5 boomerangs
Armour
 b - a +0 buckler (worn)
Jewellery
 g - an amulet of the acrobat (around neck)
 n - an amulet of guardian spirit
Scrolls
 e - a scroll of identify
 f - 2 scrolls of blinking
 h - a scroll of teleportation
Potions
 c - a potion of might
 d - 4 potions of lignification
 l - a potion of flight
 m - 2 potions of curing {unknown}


   Skills:
 + Level 4.2 Fighting
 + Level 3.2 Long Blades
 + Level 1.1 Throwing
 + Level 3.4 Dodging
 + Level 3.8 Shields


You had 4 spell levels left.
You didn't know any spells.
Your spell library contained the following spells:

 Spells                   Type           Power      Damage    Failure   Level
 Slow                     Hex            0%         N/A       50%         1
 Confusing Touch          Hex            0%         N/A       86%         3
 Vampiric Draining        Necr           0%         2d6       86%         3


Dungeon Overview and Level Annotations

Branches:
Dungeon (3/15)

Altars:

Shops:
D:2 ?

Annotations:
D:3 Natasha, Robin


Innate Abilities, Weirdness & Mutations

Your plain brown scales are hard. (AC +5)
You cannot fit into any form of body armour.
You are cold-blooded and may be slowed by cold attacks.


Message History

The hobgoblin is almost dead.
The hobgoblin closely misses you. The goblin closely misses you.
The goblin hits you but does no damage.
You closely miss the hobgoblin. You tail-slap the hobgoblin.
You kill the hobgoblin!
The goblin barely misses you. The goblin hits you but does no damage.
The goblin hits you with a +0 club. The goblin hits you but does no damage.
Robin throws the goblin at you!
You hit Robin.
Robin is moderately wounded.
The goblin hits you with a +0 dagger.
Robin hits you with a +0 whip of freezing.
Robin freezes you. The goblin misses you.
You are too injured to fight recklessly!
You are too injured to fight recklessly!
You are too injured to fight recklessly!
Unknown command.
You are too injured to fight recklessly!
You barely miss the goblin. The goblin hits you but does no damage.
Robin throws the goblin at you! The goblin hits you with a +0 club. x2
* * * LOW HITPOINT WARNING * * *
You closely miss the goblin. You block the goblin's attack.
The goblin hits you but does no damage. The goblin misses you. x2
The goblin closely misses you. The goblin hits you with a +0 dagger.
* * * LOW HITPOINT WARNING * * *
You hit the goblin.
Your tail-slap misses the goblin.
The goblin is heavily wounded.
The goblin no longer looks unusually strong.
The goblin hits you but does no damage. You block the goblin's attack.
Robin roars a battlecry!
The goblin goes into a battle-frenzy!
The goblin hits you with a +0 club.
* * * LOW HITPOINT WARNING * * *
You hit the goblin but do no damage.
The goblin is heavily wounded.
The goblin no longer looks unusually strong.
The goblin hits you with a +0 dagger.
* * * LOW HITPOINT WARNING * * *
Robin hits you but does no damage. The goblin hits you with a +0 club.
You die...

.##.##.# #.#....#
....... .##..#.#
#....#.# ...ggg.
.###.#.# ####.#.#
.g.g... .# #...#
#......# gg.g... .#
##..# #)##.###
...g... .# #..#
#.#...##.###.B.....
.# ##.#
#.#...#............
.#
#.###.#.#######..#'#
.#
#>....#...g@g......#
##
#######...g.g.......#
#######.##########.#
..............# #
........#####.#
........# ........#
.......)# ........#


You could see Robin and 3 goblins.

Vanquished Creatures
  Terence (D:3)
  Natasha (D:3)
  3 adders
  A gnoll (D:1)
  A worm (D:2)
  A dart slug (D:2)
  2 orcs (D:3)
  4 ball pythons
  3 bats (D:2)
  8 endoplasms
  3 giant cockroaches
  9 goblins
  7 hobgoblins
  5 jackals (D:1)
  3 quokkas (D:1)
  2 frilled lizards (D:1)
  7 kobolds
  9 rats
70 creatures vanquished.

Notes
Turn   | Place    | Note
-------+----------+-------------------------------------------
     0 | D:1      | siradein the Draconian Fighter began the quest for the Orb.
     0 | D:1      | Reached XP level 1. HP: 19/19 MP: 1/1
   453 | D:1      | Reached XP level 2. HP: 26/26 MP: 2/2
   621 | D:1      | Reached XP level 3. HP: 22/31 MP: 3/3
   836 | D:1      | Found a faded altar of an unknown god.
  1820 | D:2      | Found Nakarak's Magic Scroll Shop.
  1834 | D:2      | Bought a scroll of identify for 28 gold pieces
  2035 | D:2      | Reached XP level 4. HP: 40/40 MP: 4/4
  2590 | D:3      | Noticed Natasha
  2632 | D:3      | Killed Natasha
  2633 | D:3      | Reached skill level 4 in Fighting
  2641 | D:3      | HP: 2/40 [ball python (1)]
  2969 | D:3      | Noticed Terence
  2969 | D:3      | Noticed Natasha
  3014 | D:3      | Killed Terence
  3015 | D:3      | Reached skill level 1 in Throwing
  3015 | D:3      | Reached XP level 5. HP: 25/46 MP: 5/5
  3414 | D:3      | Noticed Robin
  3489 | D:3      | Slain by a goblin

Illustrated notes

Levels and vault maps discovered:
D:1:      mrwooster_arrival_statue, layout_basic,
          hellmonk_ecumenical_altar_inner_sanctum
D:2:      layout_loops_corners, serial_shops, shop
D:3:      layout_basic, uniq_natasha, uniq_robin, uniq_terence

Skill      XL: |  1  2  3  4 |
---------------+-------------+-----
Dodging        | 3 |  3.4
Fighting       | 4 |  4.2
Long Blades    | 3 |  3.2
Throwing       | 1 |  1.1
Shields        | |  3.8

Action                   |  1- 3 |  4- 6 || total
-------------------------+-------+-------++-------
Melee: Long sword        |   121 |   103 ||   224
       Tailslap          |     7 |    14 ||    21
  Use: Scroll            |     3 |     1 ||     4
Armor: Skin              |    33 |    32 ||    65
Dodge: Dodged            |   102 |   104 ||   206
Block: Buckler           |    29 |    44 ||    73

Table legend: (Time is in decaauts)
 A = Elapsed time spent in this place.
 B = Non-inter-level travel time spent in this place.
 C = Inter-level travel time spent in this place.
 D = Time resting spent in this place.
 E = Time spent auto-exploring this place.
 F = Levels seen in this place.
 G = Mean time per level.
                   A        B        C        D        E       F      G
               +--------+--------+--------+--------+--------+-----+--------+
         Total |   3571 |   3532 |     39 |      0 |   2943 |   3 | 1190.3 |
       Dungeon |   3571 |   3532 |     39 |      0 |   2943 |   3 | 1190.3 |
               +--------+--------+--------+--------+--------+-----+--------+

Top non-repeatable levels by time:
     D:1: 1416 daAuts
     D:2: 1161 daAuts
     D:3: 994 daAuts
